% Time on Ice - ANCHORAGE ACES
Lines # - Real PCT - Wanted PCT - Time Play
Normal Forward
1 - 34% - 35% - 14:30
2 - 36% - 35% - 15:31
3 - 20% - 22% - 8:38
4 - 11% - 8% - 4:34
Normal Defense
1 - 33% - 32% - 14:19
2 - 31% - 32% - 13:33
3 - 32% - 28% - 14:01
4 - 3% - 8% - 1:20
PP Forward
1 - 42% - 55% - 1:17
2 - 58% - 45% - 1:47
PP Defense
1 - 68% - 50% - 2:05
2 - 32% - 50% - 0:59
PK Forward
1 - 60% - 55% - 8:14
2 - 40% - 45% - 5:29
PK Defense
1 - 61% - 55% - 8:20
2 - 39% - 45% - 5:23
PK3 Forward
1 - 63% - 55% - 1:12
2 - 37% - 45% - 0:43
PK3 Defense
1 - 63% - 55% - 1:12
2 - 37% - 45% - 0:43
44 Forward
1 - 0% - 55%
2 - 0% - 45%
44 Defense
1 - 0% - 55%
2 - 0% - 45%
Last Minute Offensive  - 0:00
Last Minute Defensive  - 0:00
Total
Forward - 61:55
Defense - 61:55
% Time on Ice - LONG BEACH BARACUDAS
Lines # - Real PCT - Wanted PCT - Time Play
Normal Forward
1 - 33% - 36% - 14:18
2 - 27% - 32% - 11:40
3 - 21% - 22% - 9:05
4 - 19% - 10% - 8:10
Normal Defense
1 - 36% - 36% - 15:41
2 - 31% - 31% - 13:35
3 - 28% - 23% - 12:02
4 - 4% - 10% - 1:55
PP Forward
1 - 51% - 55% - 7:03
2 - 49% - 45% - 6:40
PP Defense
1 - 44% - 55% - 5:59
2 - 56% - 45% - 7:44
PK Forward
1 - 43% - 55% - 1:20
2 - 57% - 45% - 1:44
PK Defense
1 - 47% - 55% - 1:26
2 - 53% - 45% - 1:38
PK3 Forward
1 - 0% - 55%
2 - 0% - 45%
PK3 Defense
1 - 0% - 55%
2 - 0% - 45%
44 Forward
1 - 50% - 55% - 0:58
2 - 50% - 45% - 0:57
44 Defense
1 - 50% - 55% - 0:58
2 - 50% - 45% - 0:57
Last Minute Offensive  - 0:00
Last Minute Defensive  - 0:00
Total
Forward - 61:55
Defense - 61:55
Play-by-Play 1st period 0:01 of 1st period - Phillip Danault wins face-off versus J.T. Compher in neutral zone. 0:32 of 1st period - Icing by Ben Chiarot. 0:33 of 1st period - Joshua Norris wins face-off versus Phillip Danault in ANCHORAGE ACES zone. 0:39 of 1st period - Icing by Ben Chiarot. 0:40 of 1st period - Phillip Danault wins face-off versus Victor Rask in ANCHORAGE ACES zone. 0:45 of 1st period - Shot by Nikolaj Ehlers. 0:45 of 1st period - Stopped by Jake Oettinger with a rebound. 1:04 of 1st period - Icing by Jake Gardiner. 1:05 of 1st period - Victor Rask wins face-off versus Connor McDavid in LONG BEACH BARACUDAS zone. 1:14 of 1st period - Icing by P.K. Subban. 1:15 of 1st period - Charlie Coyle wins face-off versus Victor Rask in LONG BEACH BARACUDAS zone. 2:13 of 1st period - Nathan MacKinnon is hit by Michael Del Zotto and loses puck. 3:04 of 1st period - Shot by Nate Thompson. 3:04 of 1st period - Stopped by Jake Oettinger without a rebound. 3:05 of 1st period - Derek Stepan wins face-off versus Phillip Danault in LONG BEACH BARACUDAS zone. 3:05 of 1st period - Derek Stepan is hit by Phillip Danault. 3:20 of 1st period - Nikolaj Ehlers is hit by Derek Stepan and loses puck. 3:39 of 1st period - Phillip Danault is hit by Derek Stepan and loses puck. 4:12 of 1st period - Tobias Rieder is hit by Phillip Danault and loses puck. 4:23 of 1st period - Shot by Connor McDavid. 4:23 of 1st period - Stopped by Jake Oettinger without a rebound. 4:24 of 1st period - Joshua Norris wins face-off versus Connor McDavid in LONG BEACH BARACUDAS zone. 4:47 of 1st period - Shot by Connor McDavid. 4:47 of 1st period - Stopped by Jake Oettinger without a rebound. 4:48 of 1st period - Victor Rask wins face-off versus Charlie Coyle in LONG BEACH BARACUDAS zone. 4:54 of 1st period - Icing by Jakub Voracek. 4:55 of 1st period - Victor Rask wins face-off versus Charlie Coyle in LONG BEACH BARACUDAS zone. 5:45 of 1st period - Off-side. 5:46 of 1st period - Connor McDavid wins face-off versus Derek Stepan in neutral zone. 5:51 of 1st period - Shot by Nathan MacKinnon. 5:51 of 1st period - Stopped by Jake Oettinger with a rebound. 5:54 of 1st period - Icing by Michael Del Zotto. 5:55 of 1st period - Connor McDavid wins face-off versus Derek Stepan in LONG BEACH BARACUDAS zone. 7:10 of 1st period - Shot by Joshua Norris. 7:10 of 1st period - Shot Blocked by Nate Thompson. 7:12 of 1st period - Shot by Jaden Schwartz. 7:12 of 1st period - Shot Misses the Net. 7:14 of 1st period - Shot by Joshua Norris. 7:14 of 1st period - Stopped by Darcy Kuemper without a rebound. 7:15 of 1st period - Phillip Danault wins face-off versus Tobias Rieder in ANCHORAGE ACES zone. 7:15 of 1st period - Phillip Danault is hit by Patrick Marleau. 7:25 of 1st period - Shot by Josh Bailey. 7:25 of 1st period - Shot Misses the Net. 8:15 of 1st period - Off-side. 8:16 of 1st period - Derek Stepan wins face-off versus Jordan Martinook in neutral zone. 8:39 of 1st period - Shot by J.T. Compher. 8:39 of 1st period - Shot Blocked by Patrik Nemeth. 8:58 of 1st period - Shot by Artturi Lehkonen. 8:58 of 1st period - Goal by Artturi Lehkonen - ANCHORAGE ACES : 1 - LONG BEACH BARACUDAS : 0. 8:59 of 1st period - Connor McDavid wins face-off versus Joshua Norris in neutral zone. 9:06 of 1st period - Shot by Nathan MacKinnon. 9:06 of 1st period - Deflect By Connor McDavid. 9:06 of 1st period - Stopped by Jake Oettinger without a rebound. 9:07 of 1st period - Connor McDavid wins face-off versus Joshua Norris in LONG BEACH BARACUDAS zone. 9:07 of 1st period - Connor McDavid is hit by Trevor van Riemsdyk. 9:43 of 1st period - Shot by Jaden Schwartz. 9:43 of 1st period - Stopped by Darcy Kuemper with a rebound. 10:23 of 1st period - Shot by Josh Bailey. 10:23 of 1st period - Shot Misses the Net. 10:25 of 1st period - Shot by Zachary Werenski. 10:25 of 1st period - Shot Misses the Net. 11:09 of 1st period - Shot by Cedric Paquette. 11:09 of 1st period - Stopped by Jake Oettinger without a rebound. 11:10 of 1st period - Charlie Coyle wins face-off versus Victor Rask in LONG BEACH BARACUDAS zone. 12:50 of 1st period - Shot by Josh Bailey. 12:50 of 1st period - Stopped by Jake Oettinger without a rebound. 12:51 of 1st period - Phillip Danault wins face-off versus Joshua Norris in LONG BEACH BARACUDAS zone. 13:03 of 1st period - Icing by Alex Pietrangelo. 13:04 of 1st period - Joshua Norris wins face-off versus Nate Thompson in LONG BEACH BARACUDAS zone. 13:33 of 1st period - Shot by Joshua Norris. 13:33 of 1st period - Stopped by Darcy Kuemper without a rebound. 13:34 of 1st period - Phillip Danault wins face-off versus Derek Stepan in ANCHORAGE ACES zone. 13:34 of 1st period - Phillip Danault is hit by Derek Stepan. 14:12 of 1st period - Icing by Alex Pietrangelo. 14:13 of 1st period - Derek Stepan wins face-off versus Connor McDavid in LONG BEACH BARACUDAS zone. 15:30 of 1st period - Alexandre Texier is hit by Patrik Nemeth and loses puck. 15:44 of 1st period - Tobias Rieder is hit by Patrik Nemeth and loses puck. 16:09 of 1st period - Shot by Victor Rask. 16:09 of 1st period - Shot Misses the Net. 16:31 of 1st period - Shot by Victor Rask. 16:31 of 1st period - Stopped by Darcy Kuemper without a rebound. 16:32 of 1st period - Phillip Danault wins face-off versus Derek Stepan in ANCHORAGE ACES zone. 16:38 of 1st period - Off-side. 16:39 of 1st period - Phillip Danault wins face-off versus Derek Stepan in neutral zone. 16:43 of 1st period - Nikolaj Ehlers is hit by Michael Del Zotto and loses puck. 16:47 of 1st period - Nikolaj Ehlers is hit by Michael Del Zotto and loses puck. 16:55 of 1st period - Minor Penalty to Michael Del Zotto for Tripping. 16:56 of 1st period - Phillip Danault wins face-off versus Derek Stepan in LONG BEACH BARACUDAS zone. 17:49 of 1st period - Nate Thompson is hit by Victor Rask and loses puck. 17:58 of 1st period - Shot by Carl Gunnarsson. 17:58 of 1st period - Shot Misses the Net. 18:00 of 1st period - Shot by Nate Thompson. 18:00 of 1st period - Deflect By Artturi Lehkonen. 18:00 of 1st period - Goal by Artturi Lehkonen - ANCHORAGE ACES : 2 - LONG BEACH BARACUDAS : 0. 18:01 of 1st period - Charlie Coyle wins face-off versus Joshua Norris in neutral zone. 18:17 of 1st period - Shot by Robert Fabbri. 18:17 of 1st period - Stopped by Darcy Kuemper without a rebound. 18:18 of 1st period - Nate Thompson wins face-off versus Derek Stepan in ANCHORAGE ACES zone. 18:34 of 1st period - Minor Penalty to Cedric Paquette for Holding. 18:35 of 1st period - Charlie Coyle wins face-off versus Victor Rask in ANCHORAGE ACES zone. 18:53 of 1st period - Off-side. 18:54 of 1st period - Derek Stepan wins face-off versus Charlie Coyle in neutral zone. 19:35 of 1st period - Shot by Jakub Voracek. 19:35 of 1st period - Shot Blocked by Patrik Nemeth. 19:37 of 1st period - Shot by Jakub Voracek. 19:37 of 1st period - Shot Blocked by Seth Jones. Goals for this period are 2 for ANCHORAGE ACES vs 0 for LONG BEACH BARACUDAS. Shots for this period are 10 for ANCHORAGE ACES vs 5 for LONG BEACH BARACUDAS. 2nd period 0:01 of 2nd period - Charlie Coyle wins face-off versus Victor Rask in neutral zone. 0:23 of 2nd period - Icing by Taylor Hall. 0:24 of 2nd period - Victor Rask wins face-off versus Nate Thompson in LONG BEACH BARACUDAS zone. 1:02 of 2nd period - Shot by Connor McDavid. 1:02 of 2nd period - Shot Misses the Net. 1:30 of 2nd period - Minor Penalty to Chris Kreider for Interference. 1:31 of 2nd period - Charlie Coyle wins face-off versus Victor Rask in ANCHORAGE ACES zone. 1:42 of 2nd period - Shot by Victor Rask. 1:42 of 2nd period - Shot Blocked by Patrik Nemeth. 1:50 of 2nd period - Shot by J.T. Compher. 1:50 of 2nd period - Deflect By Taylor Hall. 1:50 of 2nd period - Shot Misses the Net. 1:52 of 2nd period - Shot by Taylor Hall. 1:52 of 2nd period - Shot Blocked by Jordan Martinook. 2:44 of 2nd period - Shot by Joshua Norris. 2:44 of 2nd period - Stopped by Darcy Kuemper without a rebound. 2:45 of 2nd period - Charlie Coyle wins face-off versus Derek Stepan in ANCHORAGE ACES zone. 3:40 of 2nd period - Patrick Marleau is hit by Robert Bortuzzo and loses puck. 3:43 of 2nd period - Shot by Tobias Rieder. 3:43 of 2nd period - Shot Misses the Net. 3:53 of 2nd period - Shot by Alexandre Texier. 3:53 of 2nd period - Stopped by Darcy Kuemper with a rebound. 4:55 of 2nd period - Shot by Connor McDavid. 4:55 of 2nd period - Shot Misses the Net. 4:57 of 2nd period - Shot by Connor McDavid. 4:57 of 2nd period - Stopped by Jake Oettinger without a rebound. 4:58 of 2nd period - De